 Dungeon Crawl Stone Soup version 0.20-a0-927-g1ae2c61 (webtiles) character file.

62 4thArraOfDagon the Bolt Thrower (level 3, 0/27 HPs)
             Began as a Mummy Hunter on Mar 29, 2017.
             Killed from afar by a dart slug (4 damage)
             ... with a slug dart
             ... on level 3 of the Dungeon.
             The game lasted 00:02:25 (409 turns).

4thArraOfDagon the Bolt Thrower (Mummy Hunter)       Turns: 409, Time: 00:02:26

Health: 0/27       AC:  8    Str: 15    XL:     3   Next: 85%
Magic:  3/3        EV:  9    Int: 11    God:
Gold:   45         SH:  0    Dex: 12    Spells: 2/2 levels left

rFire    x . .     SeeInvis .   a - +1 hand crossbow
rCold    + . .     Gourm    .   (no shield)
rNeg     + + +     Faith    .   i - +0 scale mail
rPois    ∞         Spirit   .   (no helmet)
rElec    .         Reflect  .   (no cloak)
rCorr    .         Harm     .   j - +1 pair of gloves (curse)
MR       .....                  (no boots)
Stlth    ..........             l - amulet of inaccuracy (curse)
Regen    0.1/turn               (no ring)
MPRegen  0.1/turn               (no ring)

@: no status effects
A: no food or potions, fire vulnerability, cold resistance 1, negative energy
resistance 3, torment resistance, unbreathing
a: no special abilities


You were on level 3 of the Dungeon.
You were not hungry.

You visited 1 branch of the dungeon, and saw 3 of its levels.

You collected 45 gold pieces.

Inventory:

Hand Weapons
 a - a +1 hand crossbow (weapon)
 b - a +0 short sword
Missiles
 d - 4 bolts (quivered)
Armour
 e - a +0 ring mail
 i - a +0 scale mail (worn)
 j - a cursed +1 pair of gloves (worn)
Jewellery
 l - a cursed amulet of inaccuracy (around neck)
Scrolls
 c - a scroll of identify
 k - a scroll of amnesia


   Skills:
 - Level 2.0 Fighting
 + Level 4.5 Crossbows
 - Level 1.5 Dodging
 - Level 0.7 Stealth


You had 2 spell levels left.
You didn't know any spells.

Dungeon Overview and Level Annotations

Branches:
Dungeon (3/15)

Altars:
Cheibriados
Kikubaaqudgha
Qazlal
Yredelemnul

Annotations:
D:3 grippy's ghost, amateur OpCj


Innate Abilities, Weirdness & Mutations

You do not eat or drink.
Your flesh is vulnerable to fire.
You are immune to poison.
Your flesh is cold resistant. (rC+)
You are immune to negative energy. (rN+++)
You are immune to unholy pain and torment.
You can survive without breathing.


Message History

Aim: a frilled lizard You shoot a bolt.
The bolt hits the frilled lizard.
You kill the frilled lizard!
Firing (i - inventory):
d - a bolt (quivered)
Press: ? - help, Shift-Dir - straight line, f - you
Okay, then.
Unknown command.
d - 4 bolts (gained 3)
You see here a frilled lizard corpse.
You see here a bolt.
Grippy's ghost stares at you and mumbles some strange words.
The magic dart hits you!
Found a scroll of identify.
A dart slug comes into view.
You see here a scroll of identify.
Unknown command.
c - a scroll of identify The dart slug launches a dart at you.
The slug dart hits you!
You die...

## #. .####
.#.... ...#..
#.##.# #.##.#
####.##.#
#......@#
#.##.##.#
#....##...
#..####.#...
#..####.#w....
#.......# ....
###...#####
.... #.......#
... .
#.......# ..


You could see a dart slug.

Vanquished Creatures
  4 adders
  A worm (D:2)
  A dart slug (D:1)
  A leopard gecko (D:1)
  A bat (D:1)
  A goblin (D:2)
  3 jackals
  5 kobolds
  A quokka (D:2)
  A ball python (D:1)
  3 frilled lizards
  A rat (D:1)
23 creatures vanquished.

Notes
Turn   | Place    | Note
-------+----------+-------------------------------------------
     0 | D:1      | 4thArraOfDagon the Mummy Hunter began the quest for the Orb.
     0 | D:1      | Reached XP level 1. HP: 16/16 MP: 1/1
    67 | D:1      | Reached XP level 2. HP: 22/22 MP: 2/2
   149 | D:2      | Reached skill level 4 in Crossbows
   163 | D:2      | Reached XP level 3. HP: 20/27 MP: 3/3
   354 | D:3      | Found an ancient bone altar of Kikubaaqudgha.
   354 | D:3      | Found a snail-covered altar of Cheibriados.
   354 | D:3      | Found a basalt altar of Yredelemnul.
   354 | D:3      | Found a stormy altar of Qazlal.
   377 | D:3      | HP: 1/27 [adder/exploding inner flame[the player character] (12)]
   385 | D:3      | Noticed grippy's ghost (amateur OpCj)
   409 | D:3      | Killed from afar by a dart slug

Vault maps used:
D:1:      dpeg_arrival_tiny_f, st_stairs_11
D:3:      chequers_temple_overflow_statue_of_worship,
          grunt_dithmenos_smoke_and_mirrors, uniq_crazy_yiuf_cottage

Skill      XL: |  1  2 |
---------------+-------+-----
Crossbows      | 4 |  4.5
Fighting       | |  2.0
Dodging        | |  1.5
Stealth        | |  0.7

Action                   || total
-------------------------++-------
 Fire: Hand crossbow     ||    64
  Use: Scroll            ||     5
Armor: Scale mail        ||    20
       Ring mail         ||     1
Dodge: Dodged            ||    29
